 Dungeon Crawl Stone Soup version 0.31-a0-702-gf82c85558f (webtiles) character file.

Game seed: 11693650416340461386

58 qw the Shooter (level 4, 0/28 HPs)
             Began as a Gargoyle Hunter on Sept 8, 2023.
             Slain by Terence
             ... wielding a +1 mace of protection
              (1 damage)
             ... on level 2 of the Dungeon.
             The game lasted 00:00:27 (1331 turns).

qw the Shooter (Gargoyle Hunter)                    Turns: 1331, Time: 00:00:28

Health: 0/28       AC:  8    Str: 15    XL:     4   Next: 1%
Magic:  4/4        EV: 11    Int:  9    God:
Gold:   116        SH:  0    Dex: 15    Spells: 3/3 levels left

rFire   . . .        Y - +1 shortbow
rCold   . . .        (shield currently unavailable)
rNeg    + . .        f - +0 ring mail
rPois   inf          (no helmet)
rElec   +            (no cloak)
rCorr   .            (no gloves)
SInv    .            (no boots)
Will    .....        (no amulet)
Stlth   +            (no ring)
HPRegen 0.24/turn    (no ring)
MPRegen 0.09/turn

%: no passive effects
@: no status effects
A: sickness immunity, AC +3, negative energy resistance 1, electricity
resistance, torment resistance 1, petrification resistance, wild magic 1
a: no special abilities


You were on level 2 of the Dungeon.
You visited 1 branch of the dungeon, and saw 2 of its levels.

You collected 116 gold pieces.


Innate Abilities, Weirdness & Mutations

You are immune to sickness and miasma.
Your stone body is resilient. (AC +3)
You are immune to poison.
You resist negative energy. (rN+)
You are resistant to electric shocks. (rElec)
You are resistant to unholy torment.
You are immune to petrification.
Your spells are a little harder to cast, but a little more powerful.


   Skills:
 - Level 3.0 Fighting
 + Level 5.0 Ranged Weapons
 - Level 1.0 Armour
 - Level 1.5 Dodging
 - Level 1.1 Stealth


You had 3 spell levels left.
You didn't know any spells.
Your spell library was empty.

Inventory:

Hand Weapons
 Y - a +1 shortbow (weapon)
Armour
 c - a +0 pair of boots of stealth
 e - a +0 pair of gloves
 f - a +0 ring mail (worn)
Jewellery
 g - a ring of magical power
Scrolls
 a - a scroll of identify {unknown}
Potions
 b - a potion of degeneration {unknown}
 d - a potion of mutation
 h - a potion of cancellation {unknown}

Dungeon Overview and Level Annotations

Branches:
Dungeon (2/15)

Altars:
Nemelex Xobeh

Annotations:
D:2 Terence


Message History

Terence is wielding a +1 mace of protection.
Enter note:
Enter note: You shoot an arrow.
The arrow hits Terence but does no damage.
Terence barely misses you.
You shoot an arrow.
The arrow hits Terence but does no damage.
Terence hits you with a +1 mace of protection.
You shoot an arrow.
The arrow hits Terence but does no damage.
Terence hits you with a +1 mace of protection.
You shoot an arrow. The arrow hits Terence!
Terence is heavily wounded.
Terence hits you with a +1 mace of protection!
Terence hits you with a +1 mace of protection.
You shoot an arrow. The arrow hits Terence.
Terence is heavily wounded.
Terence hits you with a +1 mace of protection.
You shoot an arrow.
The arrow hits Terence but does no damage.
Terence is heavily wounded.
Terence hits you with a +1 mace of protection.
You shoot an arrow.
The arrow hits Terence but does no damage.
Terence is heavily wounded.
Terence hits you with a +1 mace of protection.
Terence hits you but does no damage.
You shoot an arrow.
The arrow hits Terence but does no damage.
Terence is heavily wounded.
Terence barely misses you.
You shoot an arrow. The arrow hits Terence.
Terence is severely wounded.
Terence hits you with a +1 mace of protection.
You shoot an arrow.
The arrow hits Terence but does no damage.
Terence is severely wounded.
Terence hits you with a +1 mace of protection.
You die...

.#.######)......#.##.......#...#.
.#..............#.......)........
.'............#............###.##
.##.............########.#.......
.##..[..........# #.###^#...
.##...(......>#.# #.....###.
.##############.########.........
## #...........#####..
##@......... .:##.. #@########
#.##.. .r. #.##.. ..... #.##..
....... #..... #........ #<####
#....................
####.........#....### ## ######


You could see Terence and a rat.

Vanquished Creatures
  6 dart slugs
  2 ball pythons (D:2)
  5 endoplasms
  2 giant cockroaches (D:1)
  9 goblins
  4 hobgoblins (D:1)
  3 kobolds
  A quokka (D:1)
  5 bats
  2 frilled lizards (D:1)
  2 rats (D:1)
41 creatures vanquished.

Notes
Turn   | Place    | Note
-------+----------+-------------------------------------------
     0 | D:1      | qw the Gargoyle Hunter began the quest for the Orb.
     0 | D:1      | Reached XP level 1. HP: 12/12 MP: 1/1
     0 | D:1      | 0 ||| qw: Version: 0.3-a-76-g4403597
     0 | D:1      | 0 ||| qw: Game counter: 1070
     0 | D:1      | 0 ||| qw: Melee chars always use a shield: true
     0 | D:1      | 0 ||| qw: God list: Okawaru
     0 | D:1      | 0 ||| qw: Allow faded altars: false
     0 | D:1      | 0 ||| qw: Do Orc after clearing Dungeon:15 true
     0 | D:1      | 0 ||| qw: Do second Lair branch before Depths: true
     0 | D:1      | 0 ||| qw: Lair rune preference: random
     0 | D:1      | 0 ||| qw: Goals: Normal
     0 | D:1      | 0 ||| PLANNING D:1-11
   145 | D:1      | Reached XP level 2. HP: 17/17 MP: 2/2
   322 | D:1      | Reached XP level 3. HP: 21/21 MP: 3/3
   338 | D:1      | Reached skill level 5 in Ranged Weapons
   605 | D:1      | 605 ||| UPGRADING to +0 ring mail.
   615 | D:1      | 615 ||| DROPPING +0 leather armour.
   616 | D:1      | 616 ||| READING scroll labelled SESUSUTOCW.
   617 | D:1      | 617 ||| READING scroll labelled VECWEIM XUPH.
   618 | D:1      | 618 ||| DRINKING 2 bubbling cyan potions.
   618 | D:1      | Gained mutation: Your spells are a little harder to cast,
                  | but a little more powerful. [potion of mutation]
   619 | D:1      | 619 ||| DROPPING scroll of butterflies.
   639 | D:2      | Found a sparkling altar of Nemelex Xobeh.
   670 | D:2      | Reached skill level 1 in Armour
  1112 | D:2      | Reached skill level 3 in Fighting
  1112 | D:2      | Reached XP level 4. HP: 26/28 MP: 4/4
  1321 | D:2      | Noticed Terence
  1326 | D:2      | HP: 7/28 [Terence/+1 mace of protection (5)]
  1327 | D:2      | HP: 3/28 [Terence/+1 mace of protection (4)]
  1330 | D:2      | HP: 1/28 [Terence/+1 mace of protection (2)]
  1331 | D:2      | Slain by Terence

Levels and vault maps discovered:
D:1:      evilmike_arrival_rings, layout_basic, amcnicky_mini_corridor_feature,
          amcnicky_mini_pool_small
D:2:      layout_basic, basic_altar, uniq_terence

Skill      XL: |  1  2  3 |
---------------+----------+-----
Ranged Weapons | 5 |  5.0
Armour         | 1 |  1.0
Fighting       | 3 |  3.0
Dodging        | |  1.5
Stealth        | |  1.1

Action                     |  1- 3 |  4- 6 || total
---------------------------+-------+-------++-------
   Fire: Shortbow          |   101 |    10 ||   111
    Use: Scroll            |     2 |       ||     2
         Potion            |     1 |       ||     1
 Armour: Leather armour    |    11 |       ||    11
         Ring mail         |     3 |    10 ||    13
  Dodge: Dodged            |    13 |     2 ||    15

Table legend:
 A = Non-vault XP
 B = Vault XP
 C = Vault XP percentage of total XP
 D = Non-vault monster count
 E = Vault monster count
 F = Vault count percentage of total count
                 A         B        C        D         E       F
            +---------+---------+-------+---------+---------+-------
      Total |      83 |       0 |   0.0 |      41 |       0 |   0.0
            +---------+---------+-------+---------+---------+-------
        D:1 |      48 |       0 |   0.0 |      25 |       0 |   0.0
        D:2 |      35 |       0 |   0.0 |      16 |       0 |   0.0
            +---------+---------+-------+---------+---------+-------
